 Dungeon Crawl Stone Soup version 0.32-a0-872-g59262bd (webtiles) character file.

Game seed: 3439449280458061427

7217 lyrin the Cruncher (level 11, 0/85 HPs)
             Began as a Ghoul Artificer on Mar 30, 2024.
             Was a Believer of Fedhas.
             Slain by a troll (6 damage)
             ... on level 10 of the Dungeon.
             The game lasted 00:18:37 (12128 turns).

lyrin the Cruncher (Ghoul Artificer)               Turns: 12128, Time: 00:18:38

Health: 0/85       AC: 13    Str: 23    XL:     11   Next: 11%
Magic:  2/21       EV:  9    Int: 14    God:    Fedhas [**....]
Gold:   557        SH:  5    Dex:  9    Spells: 21/23 levels left

rFire   . . .        y - +4 quarterstaff (chaos)
rCold   + . .        (shield currently unavailable)
rNeg    + + +        P - +2 scale mail {rPois}
rPois   ∞            U - +0 helmet
rElec   .            z - +0 cloak {Will+}
rCorr   .            o - +0 pair of gloves
SInv    .            (no boots)
Will    ++...        q - amulet of reflection Stlth
                     m - ring of willpower
HPRegen 0.00/turn    O - +6 ring of strength
MPRegen 0.17/turn

%: reflection
@: inhibited regen
A: claws 1, cold resistance 1, negative energy resistance 3, inhibited
regeneration, torment resistance 2, devour on kill
a: Renounce Religion, Wall of Briars


You were on level 10 of the Dungeon.
You worshipped Fedhas.
Fedhas was pleased with you.
You visited 2 branches of the dungeon, and saw 11 of its levels.
You also visited: Sewer.

You collected 557 gold pieces.

Inventory:

Hand Weapons
 a - a +0 club
 x - a +1 dagger of draining
 y - a +4 quarterstaff of chaos (weapon)
Missiles
 B - 21 poisoned darts
 G - 3 curare-tipped darts
Armour
 o - a +0 pair of gloves (worn)
 z - a +0 cloak of willpower (worn)
 P - a +2 scale mail of poison resistance (worn)
 U - a +0 helmet (worn)
Jewellery
 h - a +6 ring of intelligence
 m - a ring of willpower (left hand)
 q - an amulet of reflection (around neck)
 O - a +6 ring of strength (right hand)
Talismans
 i - a flux talisman
Wands
 c - a wand of flame (52) (quivered)
 d - a wand of charming (15)
 e - a wand of iceblast (3)
 E - a wand of roots (10)
 K - a wand of polymorph (5)
 N - a wand of paralysis (11)
Scrolls
 b - 2 scrolls of fear {unknown}
 g - 4 scrolls of torment {unknown}
 j - 13 scrolls of identify {unknown}
 l - a scroll of enchant weapon {unknown}
 n - a scroll of butterflies {unknown}
 p - 9 scrolls of teleportation {unknown}
 r - 2 scrolls of fog {unknown}
 t - a scroll of poison {unknown}
 w - a scroll of brand weapon {unknown}
 J - 3 scrolls of revelation {unknown}
 M - 2 scrolls of amnesia {unknown}
 S - 3 scrolls of immolation {unknown}
 T - a scroll of noise {unknown}
 V - a scroll of vulnerability {unknown}
Potions
 f - 2 potions of berserk rage {unknown}
 k - 3 potions of resistance {unknown}
 s - 2 potions of mutation {unknown}
 u - 4 potions of magic {unknown}
 v - 6 potions of brilliance {unknown}
 A - a potion of enlightenment {unknown}
 C - 3 potions of attraction {unknown}
 D - 3 potions of degeneration {unknown}
 F - 2 potions of might {unknown}
 H - a potion of experience {unknown}
 I - 2 potions of cancellation {unknown}
 L - 2 potions of curing {unknown}
 Q - a potion of lignification {unknown}
 R - a potion of heal wounds {unknown}
Miscellaneous
 W - a phial of floods


   Skills:
 + Level 4.5 Fighting
 - Level 1.1(5.2) Maces & Flails
 + Level 8.1 Staves
 - Level 5.0 Armour
 + Level 3.0 Dodging
 - Level 1.2 Stealth
 - Level 0.1 Shields
 * Level 6.7 Spellcasting
 * Level 6.0 Fire Magic
 * Level 4.6 Invocations
 + Level 3.3 Evocations


You had 21 spell levels left.
You knew the following spells:

 Your Spells              Type           Power      Damage    Failure   Level
a - Scorch                Fire           42%        2d6       4%          2

Your spell library contained the following spells:

 Spells                   Type           Power      Damage    Failure   Level
 Magic Dart               Conj           16%        1d3       34%         1
 Summon Small Mammal      Summ           16%        N/A       34%         1
 Blink                    Tloc           8%         N/A       45%         2
 Call Imp                 Summ           8%         N/A       45%         2
 Flame Wave               Conj/Fire      13%        2d6       69%         4
 Summon Blazeheart Golem  Fire/Summ      13%        N/A       69%         4
 Call Canine Familiar     Summ           4%         N/A       71%         3
 Petrify                  Alch/Erth      4%         N/A       98%         4
 Irradiate                Conj/Alch      2%         3d12      100%        5
 Summon Cactus Giant      Summ           2%         N/A       100%        6
 Summon Hydra             Summ           2%         N/A       100%        7
 Sublimation of Blood     Necr           Unusable   N/A       N/A         2

Dungeon Overview and Level Annotations

Branches:
Dungeon (10/15)            Temple (1/1) D:6            Lair (0/5) D:10
  Sewer (visited)
    Orc: D:9-12

Altars:
Ashenzari
Cheibriados
Dithmenos
Fedhas
Gozag
Hepliaklqana
Kikubaaqudgha
Makhleb
Nemelex Xobeh
Okawaru
Qazlal
Ru
Sif Muna
Trog
Uskayaw
Vehumet
Wu Jian
Xom
Yredelemnul

Shops:
D:2 (

Annotations:
D:6 Jeremiah
D:7 3 runed translucent doors, Ozzieoiler's ghost, novice DjFE


Innate Abilities, Weirdness & Mutations

You are immune to poison.
You have sharp fingernails.
Your flesh is cold resistant. (rC+)
You are immune to negative energy. (rN+++)
You do not regenerate when monsters are visible.
You are immune to unholy pain and torment.
You thrive by killing the living.


Message History

The ice beast hits you but does no damage.
The troll bites you but does no damage. The troll claws you but does no damage.
The troll claws you.
Casting: Scorch (safe; 4% risk of failure)
Confirm with . or Enter, or press ? or * to list all spells.
Flames lash the troll.
The troll is burned terribly!
The troll is severely wounded.
The ice beast hits you but does no damage.
The ice beast barely misses you. The troll bites you! The troll claws you!
You block the troll's attack.
Casting: Scorch (safe; 4% risk of failure)
Confirm with . or Enter, or press ? or * to list all spells.
Flames lash the ice beast.
The ice beast is heavily wounded.
The ice beast misses you. The troll bites you.
* * * LOW HITPOINT WARNING * * *
The troll claws you.
* * * LOW HITPOINT WARNING * * *
The troll claws you!
* * * LOW HITPOINT WARNING * * *
Unknown command.
Okay, then.
Okay, then.
Aiming: Iceblast
Press: ? - help, Shift-Dir - straight line
Okay, then.
Aiming: Paralyse
Press: ? - help, Shift-Dir - straight line, f - troll
Aim: a troll (severely wounded, more vulnerable to fire, chance to affect: 57%)
The troll resists with significant effort.
The ice beast hits you but does no damage.
The ice beast hits you.
* * * LOW HITPOINT WARNING * * *
The ice beast freezes you. You resist.
* * * LOW HITPOINT WARNING * * *
The troll bites you.
* * * LOW HITPOINT WARNING * * *
The troll barely misses you. The troll claws you.
You die...
Fedhas appreciates your contribution to the ecosystem.

######......
...#.~...............###
.....................<##
.......#....#........[.#
#.#..##.....#......[....
##....##..........).....
........................#
....>.........#........[.
......Y@.#...#..........
##...###T...............
##. #......~...........
..#...#......###.#####...
.......?....#.....†....(.
Y.~#..~..........###.†...
............##.#..#......
#............#.##.....#..
#.......###..............


You could see a troll (combustible) and an ice beast (fast, combustible).

Vanquished Creatures
  A two-headed ogre (D:8)
  Maurice (D:9)
  Joseph (D:7)
  A rime drake (D:9)
  Psyche (D:8)
  Grinder (D:6)
  2 polar bears
  Prince Ribbit (D:6)
  A wraith (D:9)
  Sigmund (D:4)
  A wyvern (D:8)
  Grum (D:8)
  A steam dragon (D:7)
  Menkaure (D:5)
  Edmund (D:6)
  A water moccasin (D:7)
  3 ice beasts
  A black bear (D:7)
  3 orc warriors
  A swamp drake (Sewer)
  6 wolves
  An ogre (D:5)
  2 centaurs
  A phantom (D:4)
  4 kobold brigands
  3 bullfrogs
  3 scorpions
  7 wights
  9 killer bees
  A howler monkey (D:9)
  An orc priest (D:9)
  2 bombardier beetles
  2 hounds
  2 jellies
  Crazy Yiuf (D:3)
  3 iguanas
  5 orc wizards
  4 gnolls
  5 adders
  3 river rats (Sewer)
  2 ufetubi
  2 ribbon worms
  2 dart slugs
  15 orcs
  11 ball pythons
  5 bats
  3 endoplasms
  5 giant cockroaches
  6 hobgoblins
  4 quokkas
  5 frilled lizards
  12 goblins
  25 kobolds
  24 rats
211 creatures vanquished.

Vanquished Creatures (others)
  A sleepcap (D:7)
1 creature vanquished.

Grand Total: 212 creatures vanquished

Notes
Turn   | Place    | Note
-------+----------+-------------------------------------------
     0 | D:1      | lyrin the Ghoul Artificer began the quest for the Orb.
     0 | D:1      | Reached XP level 1. HP: 16/16 MP: 1/1
   223 | D:1      | Reached XP level 2. HP: 23/23 MP: 2/2
   283 | D:1      | Reached skill level 1 in Dodging
   709 | D:2      | Reached XP level 3. HP: 16/28 MP: 3/3
  1062 | D:2      | Found Noul's Weapon Shop.
  1063 | D:2      | Identified the +0 falchion of Exquisite Death {vamp, rCorr}
  1679 | D:3      | Reached skill level 1 in Maces & Flails
  1872 | D:3      | Learned a level 2 spell: Scorch
  1966 | D:3      | Reached XP level 4. HP: 23/35 MP: 4/4
  3437 | D:3      | HP: 1/36 [gnoll/+0 halberd (13)]
  4038 | D:3      | Reached XP level 5. HP: 34/41 MP: 5/5
  4194 | D:3      | Found a runed translucent door.
  4195 | D:3      | Noticed Crazy Yiuf
  4206 | D:3      | Killed Crazy Yiuf
  4434 | D:4      | Noticed Sigmund
  4450 | D:4      | Killed Sigmund
  4451 | D:4      | Reached skill level 1 in Staves
  4451 | D:4      | Reached skill level 1 in Spellcasting
  4451 | D:4      | Reached skill level 1 in Fire Magic
  4451 | D:4      | Reached XP level 6. HP: 34/48 MP: 5/7
  4619 | D:4      | Found a glowing drain.
  4624 | Sewer    | Entered a sewer
  4652 | Sewer    | a river rat changed into a swamp drake
  4652 | Sewer    | Noticed a swamp drake
  4654 | Sewer    | Killed a swamp drake
  4655 | Sewer    | Reached XP level 7. HP: 53/56 MP: 9/9
  4744 | Sewer    | Reached skill level 2 in Staves
  5288 | D:4      | Reached skill level 3 in Staves
  5467 | D:4      | Reached XP level 8. HP: 46/62 MP: 11/11
  5543 | D:4      | Identified the +4 war axe of Aluniup {venom, rN+ Stlth+}
  5571 | D:4      | Found a sparkling altar of Nemelex Xobeh.
  5789 | D:5      | Entered Level 5 of the Dungeon
  5817 | D:5      | Reached skill level 4 in Staves
  5898 | D:5      | Noticed Menkaure
  5904 | D:5      | Killed Menkaure
  6107 | D:5      | Found a burning altar of Makhleb.
  6178 | D:5      | Reached skill level 5 in Staves
  6239 | D:5      | Found a sacrificial altar of Ru.
  6299 | D:5      | Found an ornate altar of the Wu Jian Council.
  6746 | D:6      | Noticed Edmund
  6755 | D:6      | Killed Edmund
  6861 | D:6      | Found a snail-covered altar of Cheibriados.
  6896 | D:6      | Noticed Grinder
  6911 | D:6      | Killed Grinder
  6912 | D:6      | Reached skill level 6 in Staves
  6912 | D:6      | Reached XP level 9. HP: 67/71 MP: 13/13
  6938 | D:6      | Found a staircase to the Ecumenical Temple.
  6950 | Temple   | Entered the Ecumenical Temple
  6999 | Temple   | Became a worshipper of Fedhas Madash
  7059 | D:6      | Noticed Prince Ribbit
  7078 | D:6      | Killed Prince Ribbit
  7183 | D:6      | Found a hazy altar of Hepliaklqana.
  7202 | D:6      | Noticed Jeremiah
  7808 | D:7      | Noticed Joseph
  7821 | D:7      | Killed Joseph
  7822 | D:7      | Reached skill level 1 in Invocations
  7876 | D:7      | Reached skill level 7 in Staves
  8339 | D:7      | Found an opulent altar of Gozag.
  8339 | D:7      | Found an iron altar of Okawaru.
  8478 | D:7      | Found a runed translucent gate.
  8478 | D:7      | Noticed Ozzieoiler's ghost (novice DjFE)
  8479 | D:7      | Found a runed translucent gate.
  8480 | D:7      | Found a runed translucent gate.
  8828 | D:8      | Noticed a two-headed ogre
  8846 | D:8      | Killed a two-headed ogre
  8847 | D:8      | Reached skill level 5 in Armour
  8847 | D:8      | Reached XP level 10. HP: 38/79 MP: 10/16
  9009 | D:8      | Noticed Maurice
  9065 | D:9      | Maurice stole 21 poisoned darts
  9072 | D:9      | Killed Maurice
  9221 | D:8      | Noticed Psyche
  9228 | D:8      | Killed Psyche
  9229 | D:8      | Reached skill level 5 in Spellcasting
  9369 | D:8      | Noticed Grum
  9386 | D:8      | Killed Grum
 10045 | D:8      | Reached * piety under Fedhas
 10248 | D:9      | Reached skill level 8 in Staves
 10261 | D:9      | Reached skill level 5 in Fire Magic
 10541 | D:9      | Found a radiant altar of Vehumet.
 10552 | D:9      | Found an ancient bone altar of Kikubaaqudgha.
 10553 | D:9      | Found a shimmering blue altar of Sif Muna.
 11154 | D:9      | Reached ** piety under Fedhas
 11322 | D:10     | Entered Level 10 of the Dungeon
 11618 | D:9      | Reached XP level 11. HP: 52/85 MP: 8/20
 12106 | D:10     | Found a staircase to the Lair.
 12128 | D:10     | Slain by a troll

Illustrated notes

Levels and vault maps discovered:
D:1:      eino_arrival_water_cross, layout_basic
D:2:      layout_rooms, serial_shops, shop, basic_altar
D:3:      layout_rooms, ebering_dispersal_statue_hall, uniq_crazy_yiuf_cottage
D:4:      layout_loops_ring, nemelex_dance_club_becter,
          nicolae_tso_carved_into_rock, serial_bayou, serial_bayou_pond_d,
          serial_bayou_lagoon_b, serial_bayou_pond_b, serial_bayou_pond_e,
          mainiacjoe_sewer_entry_somewhere_in_here_1, hex_tiny, uniq_sigmund
D:5:      layout_loops_ring, mainiacjoe_overflow_surrounded_room,
          amcnicky_altar_gilded, mainiacjoe_overflow_alcove_2, uniq_menkaure
D:6:      layout_rooms, mainiacjoe_overflow_concentric_impassable, slow_altar_2,
          minmay_temple_entry_statues_fountains, uniq_grinder, uniq_edmund,
          uniq_prince_ribbit1, uniq_jeremiah
D:7:      layout_basic, amethyst_overflow_temple_binary,
          gammafunk_ghost_nasty_kobolds, uniq_joseph
D:8:      layout_basic, st_stairs_7, uniq_psyche, uniq_maurice, uniq_grum
D:9:      layout_loops_cross, grunt_temple_overflow_magic_moments,
          kennysheep_generic_room_3
D:10:     layout_rooms, hellmonk_lair_entry_icy
Temple:   cyrus_temple_forest

Skill      XL: |  1  2  3  4  5  6  7  8  9 10 11 |
---------------+----------------------------------+-----
Evocations     | 3 |  3.3
Dodging        | 1 2 3 |  3.0
Armour         | 2 3 4 5 |  5.0
Maces & Flails | 1 |  1.1
Fighting       | 2 3 4 |  4.5
Staves         | 1 3 6 7 8 |  8.1
Spellcasting   | 1 2 3 4 6 |  6.7
Fire Magic     | 1 2 4 5 6 |  6.0
Invocations    | 2 4 |  4.6
Stealth        | |  1.2
Shields        | |  0.1

Action                     |  1- 3 |  4- 6 |  7- 9 | 10-12 || total
---------------------------+-------+-------+-------+-------++-------
  Melee: Club              |   242 |   153 |       |       ||   395
         Quarterstaff      |       |    71 |   225 |   126 ||   422
   Cast: Scorch            |       |       |    25 |   113 ||   138
  Evoke: Wand              |       |     4 |       |     1 ||     5
   Stab: Distracted        |       |     1 |       |       ||     1
         Sleeping          |       |       |     1 |       ||     1
         Paralysed         |       |       |       |     1 ||     1
 Armour: Ring mail         |   216 |   202 |   106 |       ||   524
         Leather armour    |     3 |       |       |       ||     3
         Scale mail        |       |       |    57 |   259 ||   316
  Dodge: Dodged            |   197 |   159 |   136 |   162 ||   654
  Block: Other             |    34 |    55 |    54 |    52 ||   195
         Reflection        |       |     2 |     3 |     5 ||    10

Table legend: (Time is in decaauts)
 A = Elapsed time spent in this place.
 B = Non-inter-level travel time spent in this place.
 C = Inter-level travel time spent in this place.
 D = Time resting spent in this place.
 E = Time spent auto-exploring this place.
 F = Levels seen in this place.
 G = Mean time per level.
                   A        B        C        D        E       F      G
               +--------+--------+--------+--------+--------+-----+--------+
         Total |  12310 |  11835 |    475 |   3060 |   5724 |  12 | 1025.8 |
       Dungeon |  11639 |  11193 |    446 |   3060 |   5363 |  10 | 1163.9 |
        Temple |     79 |     50 |     29 |      0 |      0 |   1 |   79.0 |
         Sewer |    591 |    591 |      0 |      0 |    360 |   1 |  591.0 |
               +--------+--------+--------+--------+--------+-----+--------+

Top non-repeatable levels by time:
     D:2: 1991 daAuts
     D:9: 1760 daAuts
     D:8: 1454 daAuts
     D:3: 1309 daAuts
     D:5: 1183 daAuts
     D:1: 1154 daAuts
     D:7: 937 daAuts
     D:4: 919 daAuts
     D:6: 651 daAuts
   Sewer: 591 daAuts
    D:10: 277 daAuts
  Temple: 79 daAuts
